NYP
STATE COLLEGE SPIKES @ ROME BRAVES
08/10/2044
 
TOP OF THE 1ST
State College Spikes batting - Pitching for Rome Braves : RHP Nikita Eliseenko
Pitching: RHP Nikita Eliseenko
Batting: LHB Robert Rauda 0-0: Ball
1-0: Ball
2-0: Called Strike
2-1: Ball
3-1: Fly out, F7 (Flyball, 7LS, EV 90.0 MPH)
Batting: RHB Mike Zimmerly 0-0: Ball
1-0: Called Strike
1-1: Fly out, F7 (Flyball, 7LM, EV 96.2 MPH)
Batting: LHB Jayden Thomas 0-0: Swinging Strike
0-1: Called Strike
0-2: Ball
1-2: SOLO HOME RUN (Line Drive, 9D, EV 96.9 MPH), Distance : 372 ft
Batting: RHB Immel Kamuzu 0-0: Ball
1-0: Called Strike
1-1: Swinging Strike
1-2: Ball
2-2: Ground out 6-3 (Groundball, 6, EV 105.6 MPH)
Top of the 1st over - 1 run, 1 hit, 0 errors, 0 left on base; State College 1 - Rome 0
BOTTOM OF THE 1ST
Rome Braves batting - Pitching for State College Spikes : LHP Tsugunosuke Murakami
Pitching: LHP Tsugunosuke Murakami
Batting: LHB Tsutomu Miyahara 0-0: Foul Ball, location: 2F
0-1: Swinging Strike
0-2: Ball
1-2: Ball
2-2: Reached via error on a dropped throw from 2B, E3 (Groundball, 4, EV 103.1 MPH)
Batting: RHB Alex Velasquez 0-0: Ball
1-0: Ball
Tsutomu Miyahara steals 2nd base
2-0: Foul Ball, location: 2F
2-1: Foul Ball, location: 2F
2-2: Ground out 6-3 (Groundball, P, EV 84.4 MPH)
Tsutomu Miyahara to third
Batting: RHB Ike Trout 0-0: Ball
1-0: Ball
2-0: Ball
3-0: Called Strike
3-1: Hit by Pitch
Batting: RHB Jose Ramos 0-0: Ball
1-0: DOUBLE (Groundball, 5L, EV 106.2 MPH)
Tsutomu Miyahara scores
Ike Trout to third
Batting: RHB Brandon Burrell 0-0: Ball
1-0: Ground out 5-3 (Groundball, 5D, EV 91.2 MPH)
Batting: RHB Tim Molchan 0-0: Ball
1-0: Ball
2-0: SINGLE (Groundball, P, EV 77.5 MPH) (infield hit)
Ike Trout scores
Jose Ramos to third
Batting: LHB Javier Rubio 0-0: Called Strike
0-1: Foul Ball, location: 2F
0-2: Foul Ball, location: 2F
0-2: Ball
1-2: SINGLE (Groundball, 6M, EV 105.0 MPH) (infield hit)
Jose Ramos scores
Tim Molchan to second
Batting: RHB Peter Wheeler 0-0: Foul Ball, location: 2F
0-1: Called Strike
0-2: Ball
1-2: Strikes out looking
Bottom of the 1st over - 3 runs, 3 hits, 1 error, 2 left on base; State College 1 - Rome 3
TOP OF THE 2ND
State College Spikes batting - Pitching for Rome Braves : RHP Nikita Eliseenko
Batting: RHB John Gibbs 0-0: Ball
1-0: Foul Ball, location: 3F, Error on foul ball, E3
1-1: DOUBLE (Line Drive, 8RXD, EV 107.5 MPH)
Batting: RHB Francisco de la Cruz 0-0: Called Strike
0-1: Swinging Strike
0-2: Strikes out swinging
Batting: SHB Hank Arias 0-0: Ground out U3 (Groundball, 3, EV 88.8 MPH)
John Gibbs to third
Batting: RHB Ray Souza 0-0: Ball
1-0: Foul Ball, location: 2F
1-1: Swinging Strike
1-2: Ball
2-2: TRIPLE (Line Drive, 89XD, EV 98.1 MPH)
John Gibbs scores
Batting: RHB Fekadu Alhaadi 0-0: Ball
1-0: Ground out 6-3 (Groundball, 6, EV 109.4 MPH)
Top of the 2nd over - 1 run, 2 hits, 1 error, 1 left on base; State College 2 - Rome 3
BOTTOM OF THE 2ND
Rome Braves batting - Pitching for State College Spikes : LHP Tsugunosuke Murakami
Batting: RHB Adrian Billups 0-0: Foul Ball, location: 2F
0-1: Foul Ball, location: 2F
0-2: Strikes out looking
Batting: LHB Tsutomu Miyahara 0-0: Bunt missed!
0-1: Called Strike
0-2: Strikes out swinging
Batting: RHB Alex Velasquez 0-0: Ball
1-0: Ball
2-0: Ball
3-0: Called Strike
3-1: Fly out, F1 (Line Drive, P, EV 63.1 MPH)
Bottom of the 2nd over - 0 runs, 0 hits, 0 errors, 0 left on base; State College 2 - Rome 3
TOP OF THE 3RD
State College Spikes batting - Pitching for Rome Braves : RHP Nikita Eliseenko
Batting: LHB Robert Rauda 0-0: Called Strike
0-1: Ball
1-1: Ball
2-1: Ball
3-1: Base on Balls
Batting: RHB Mike Zimmerly 0-0: Ball
Robert Rauda steals 2nd base
1-0: Ball
Robert Rauda steals 3rd base
2-0: Ground out 4-3 (Groundball, 4, EV 92.5 MPH)
Robert Rauda scores
Batting: LHB Jayden Thomas 0-0: Foul Ball, location: 2F
0-1: Ball
1-1: Ball
2-1: Ball
3-1: Foul Ball, location: 2F
3-2: Foul Ball, location: 2F
3-2: Base on Balls
Batting: RHB Immel Kamuzu 0-0: Ball
1-0: Ball
Jayden Thomas steals 2nd base
2-0: Foul Ball, location: 2F
2-1: Ball
3-1: Foul Ball, location: 2F
3-2: SINGLE (Line Drive, 9S, EV 96.2 MPH)
Jayden Thomas to third
Runner from 3rd tries for Home, SAFE, throw by RF to home
Batting: RHB John Gibbs 0-0: Ball
1-0: Ball
2-0: Ball
Wild Pitch!
Immel Kamuzu to second
3-0: Called Strike
3-1: Called Strike
3-2: Base on Balls
Batting: RHB Francisco de la Cruz 0-0: Swinging Strike
0-1: Fly out, F8 (Line Drive, 8LD, EV 110.6 MPH)
Batting: SHB Hank Arias 0-0: Ball
1-0: Ball
2-0: Ball
3-0: Base on Balls
Immel Kamuzu to third
John Gibbs to second
Batting: RHB Ray Souza 0-0: Ball
1-0: Called Strike
1-1: Foul Ball, location: 2F
1-2: Ball
2-2: Fielders Choice at 2nd, 5-4 (Groundball, 5, EV 99.4 MPH)
Top of the 3rd over - 2 runs, 1 hit, 0 errors, 3 left on base; State College 4 - Rome 3
BOTTOM OF THE 3RD
Rome Braves batting - Pitching for State College Spikes : LHP Tsugunosuke Murakami
Batting: RHB Ike Trout 0-0: Ball
1-0: Foul Ball, location: 2F
1-1: Ball
2-1: SINGLE (Flyball, 89S, EV 86.9 MPH)
Batting: RHB Jose Ramos 0-0: Ball
1-0: Foul Ball, location: 2F
1-1: Ball
Ike Trout is caught stealing 2nd base 2-4
2-1: Foul Ball, location: 2F
2-2: Foul Ball, location: 2F
2-2: Strikes out swinging
Batting: RHB Brandon Burrell 0-0: SINGLE (Groundball, 6MD, EV 96.9 MPH)
Batting: RHB Tim Molchan 0-0: Ball
1-0: Ball
2-0: Called Strike
2-1: Foul Ball, location: 2F
2-2: Strikes out looking
Bottom of the 3rd over - 0 runs, 2 hits, 0 errors, 1 left on base; State College 4 - Rome 3
TOP OF THE 4TH
State College Spikes batting - Pitching for Rome Braves : RHP Nikita Eliseenko
Batting: RHB Fekadu Alhaadi 0-0: Called Strike
0-1: Ball
1-1: Ground out 3-1 (Groundball, 34S, EV 80.0 MPH)
Batting: LHB Robert Rauda 0-0: Ball
1-0: Called Strike
1-1: Foul Ball, location: 2F
1-2: Ball
2-2: Foul Ball, location: 2F
2-2: Strikes out looking
Batting: RHB Mike Zimmerly 0-0: Ball
1-0: Ball
2-0: Ball
3-0: Called Strike
3-1: Ground out 4-3 (Groundball, 4, EV 86.2 MPH)
Top of the 4th over - 0 runs, 0 hits, 0 errors, 0 left on base; State College 4 - Rome 3
BOTTOM OF THE 4TH
Rome Braves batting - Pitching for State College Spikes : LHP Tsugunosuke Murakami
Batting: LHB Javier Rubio 0-0: Ball
1-0: Bunt missed!
1-1: Foul Ball, location: 2F
1-2: Ball
2-2: Ground out 4-3 (Groundball, 4, EV 96.2 MPH)
Batting: RHB Peter Wheeler 0-0: Swinging Strike
0-1: Ball
1-1: Called Strike
1-2: Ball
2-2: DOUBLE (Line Drive, 7LM, EV 103.8 MPH)
Batting: RHB Adrian Billups 0-0: SINGLE (Flyball, 78S, EV 95.6 MPH)
Peter Wheeler to third
Runner from 3rd tries for Home, SAFE, throw by LF to home
Batting: LHB Tsutomu Miyahara 0-0: Called Strike
0-1: Swinging Strike
Pickoff Throw to First - Out! 1-3
0-2: Strikes out swinging
Bottom of the 4th over - 1 run, 2 hits, 0 errors, 0 left on base; State College 4 - Rome 4
TOP OF THE 5TH
State College Spikes batting - Pitching for Rome Braves : RHP Nikita Eliseenko
Batting: LHB Jayden Thomas 0-0: Foul Ball, location: 2F
0-1: Ball
1-1: Ball
2-1: Foul Ball, location: 2F
2-2: Ball
3-2: Strikes out swinging
Batting: RHB Immel Kamuzu 0-0: Called Strike
0-1: Called Strike
0-2: Foul Ball, location: 2F
0-2: Ball
1-2: Ball
2-2: Ground out 4-3 (Groundball, 34, EV 91.2 MPH)
Batting: RHB John Gibbs 0-0: Foul Ball, location: 2F
0-1: Ball
1-1: DOUBLE (Line Drive, 9LM, EV 106.9 MPH)
Batting: RHB Francisco de la Cruz 0-0: Called Strike
0-1: DOUBLE (Line Drive, 3D, EV 97.5 MPH)
John Gibbs scores
Pitching: RHP Jeremy Hurley
Batting: SHB Hank Arias 0-0: Ground out 5-3 (Groundball, 56S, EV 73.8 MPH)
Top of the 5th over - 1 run, 2 hits, 0 errors, 1 left on base; State College 5 - Rome 4
BOTTOM OF THE 5TH
Rome Braves batting - Pitching for State College Spikes : LHP Tsugunosuke Murakami
Batting: RHB Alex Velasquez 0-0: Ball
1-0: Swinging Strike
1-1: Foul Ball, location: 2F
1-2: Ball
2-2: Ball
3-2: Strikes out looking
Pitching: RHP Ed Puentes
Batting: RHB Ike Trout 0-0: Ball
1-0: Called Strike
1-1: SINGLE (Groundball, 6MD, EV 95.6 MPH)
Batting: RHB Jose Ramos 0-0: Called Strike
0-1: Ball
1-1: Fly out, F4 (Flyball, 34D, EV 91.9 MPH)
Batting: RHB Brandon Burrell 0-0: Called Strike
Ike Trout steals 2nd base
0-1: Fly out, F4 (Popup, 34, EV 61.2 MPH)
Bottom of the 5th over - 0 runs, 1 hit, 0 errors, 1 left on base; State College 5 - Rome 4
TOP OF THE 6TH
State College Spikes batting - Pitching for Rome Braves : RHP Jeremy Hurley
Batting: RHB Ray Souza 0-0: Ball
1-0: Ground out 6-3 (Groundball, 6, EV 103.1 MPH)
Batting: RHB Fekadu Alhaadi 0-0: SINGLE (Flyball, 8LS, EV 95.0 MPH)
Batting: LHB Robert Rauda 0-0: Called Strike
Fekadu Alhaadi steals 2nd base
0-1: Ball
1-1: Ball
2-1: Called Strike
2-2: Foul Ball, location: 2F
2-2: Foul Ball, location: 2F
2-2: SINGLE (Line Drive, 4MD, EV 94.4 MPH)
Fekadu Alhaadi to third
Batting: RHB Mike Zimmerly 0-0: Ball
1-0: TRIPLE (Line Drive, 9LD, EV 106.2 MPH)
Fekadu Alhaadi scores
Robert Rauda scores
Batting: LHB Jayden Thomas 0-0: Called Strike
0-1: Ball
1-1: Called Strike
1-2: Strikes out swinging
Batting: RHB Immel Kamuzu 0-0: Foul Ball, location: 2F
0-1: Ball
1-1: Ball
2-1: Foul Ball, location: 2F
2-2: Foul Ball, location: 2F
2-2: Strikes out looking
Top of the 6th over - 2 runs, 3 hits, 0 errors, 1 left on base; State College 7 - Rome 4
BOTTOM OF THE 6TH
Rome Braves batting - Pitching for State College Spikes : RHP Ed Puentes
Batting: RHB Tim Molchan 0-0: DOUBLE (Flyball, 8RXD, EV 102.5 MPH)
Batting: LHB Javier Rubio 0-0: Ball
1-0: Swinging Strike
1-1: Ball
2-1: Ball
3-1: Base on Balls
Pinch Hitting: LHB Mike Tenorio 0-0: Ball
Wild Pitch!
Tim Molchan to third
Javier Rubio to second
1-0: SINGLE (Groundball, 34D, EV 94.4 MPH)
Tim Molchan scores
Javier Rubio to third
Runner from 3rd tries for Home, throw by RF and OUT! 9-2
Batting: RHB Adrian Billups 0-0: Ball
1-0: Called Strike
1-1: Ball
2-1: Ball
3-1: Swinging Strike
3-2: Fielders Choice at 2nd, 4-6 (Groundball, 4M, EV 98.8 MPH)
Batting: LHB Tsutomu Miyahara 0-0: Ball
1-0: Called Strike
1-1: Swinging Strike
1-2: Strikes out swinging
Bottom of the 6th over - 1 run, 2 hits, 0 errors, 1 left on base; State College 7 - Rome 5
TOP OF THE 7TH
State College Spikes batting - Pitching for Rome Braves : RHP Jeremy Hurley
Pitching: RHP Will Patterson
Now at 2B: Malik Boulay
Batting: RHB John Gibbs 0-0: Ball
1-0: Foul Ball, location: 2F
1-1: Foul Ball, location: 2F
1-2: Strikes out swinging, 2-3 out at first.
Batting: RHB Francisco de la Cruz 0-0: Swinging Strike
0-1: Ball
1-1: Swinging Strike
1-2: Fly out, F8 (Flyball, 89XD, EV 83.8 MPH)
Batting: SHB Hank Arias 0-0: Called Strike
0-1: Foul Ball, location: 2F
0-2: Foul Ball, location: 2F
0-2: Foul Ball, location: 2F
0-2: Ball
1-2: Ground out U3 (Groundball, 3L, EV 79.4 MPH)
Top of the 7th over - 0 runs, 0 hits, 0 errors, 0 left on base; State College 7 - Rome 5
BOTTOM OF THE 7TH
Rome Braves batting - Pitching for State College Spikes : RHP Ed Puentes
Pitching: RHP Tony Bonilla
Batting: RHB Alex Velasquez 0-0: Called Strike
0-1: Ground out 6-3 (Groundball, 6, EV 92.5 MPH)
Batting: RHB Ike Trout 0-0: SOLO HOME RUN (Flyball, 7D, EV 98.1 MPH), Distance : 366 ft
Batting: RHB Jose Ramos 0-0: Ball
1-0: SINGLE (Groundball, 56D, EV 103.8 MPH)
Batting: RHB Brandon Burrell 0-0: SINGLE (Groundball, 34D, EV 103.1 MPH)
Jose Ramos to second
Runner from 2nd tries for 3rd, SAFE, throw by RF made to third
Brandon Burrell to second
Batting: RHB Tim Molchan 0-0: Ball
1-0: Called Strike
1-1: Ball
2-1: Swinging Strike
2-2: Fly out, F8 (Flyball, 78M, EV 85.0 MPH)
Batting: LHB Javier Rubio 0-0: Called Strike
0-1: Ball
1-1: Called Strike
1-2: Fly out, F8 (Line Drive, 8RM, EV 90.6 MPH)
Bottom of the 7th over - 1 run, 3 hits, 0 errors, 2 left on base; State College 7 - Rome 6
TOP OF THE 8TH
State College Spikes batting - Pitching for Rome Braves : RHP Will Patterson
Batting: RHB Ray Souza 0-0: Called Strike
0-1: Called Strike
0-2: Foul Ball, location: 2F
0-2: DOUBLE (Line Drive, 78XD, EV 107.5 MPH)
Batting: RHB Fekadu Alhaadi 0-0: Foul Ball, location: 2F
0-1: Sac Bunt to 23 - play at first, batter safe!
Ray Souza to third
Batting: LHB Robert Rauda 0-0: Ball
Fekadu Alhaadi is caught stealing 2nd base 2-6
1-0: Intentional Walk
Batting: RHB Mike Zimmerly 0-0: Ball
1-0: Ball
Robert Rauda steals 2nd base (no throw)
2-0: Foul Ball, location: 2F
2-1: Fly out, F9 (Flyball, 9S, EV 81.9 MPH)
Batting: LHB Jayden Thomas 0-0: Ball
1-0: Foul Ball, location: 2F
1-1: Foul Ball, location: 2F
1-2: Foul Ball, location: 2F
1-2: Ball
2-2: Ball
3-2: Foul Ball, location: 2F
3-2: Strikes out swinging
Top of the 8th over - 0 runs, 2 hits, 0 errors, 2 left on base; State College 7 - Rome 6
BOTTOM OF THE 8TH
Rome Braves batting - Pitching for State College Spikes : RHP Tony Bonilla
Pitching: RHP Nick Durham
Pinch Hitting: RHB Josh Whitmore 0-0: Ball
1-0: Ball
2-0: Swinging Strike
2-1: Fly out, F9 (Line Drive, 9D, EV 105.6 MPH)
Batting: RHB Adrian Billups 0-0: Ball
1-0: Foul Ball, location: 2F
1-1: Ball
2-1: Ball
3-1: Ground out 4-3 (Groundball, 34S, EV 80.6 MPH)
Batting: LHB Tsutomu Miyahara 0-0: Called Strike
0-1: Foul Ball, location: 2F
0-2: Foul Ball, location: 2F
0-2: Ball
1-2: Ball
2-2: Ball
3-2: Base on Balls
Batting: RHB Alex Velasquez 0-0: Ball
1-0: Ball
2-0: Foul Ball, location: 2F
2-1: Foul Ball, location: 2F
2-2: Ball
3-2: Strikes out swinging
Bottom of the 8th over - 0 runs, 0 hits, 0 errors, 1 left on base; State College 7 - Rome 6
TOP OF THE 9TH
State College Spikes batting - Pitching for Rome Braves : RHP Will Patterson
Now at 2B: Josh Whitmore
Batting: RHB Immel Kamuzu 0-0: Called Strike
0-1: SINGLE (Line Drive, 4M, EV 94.4 MPH)
Batting: RHB John Gibbs 0-0: SINGLE (Line Drive, 9S, EV 109.4 MPH)
Immel Kamuzu to second
Batting: RHB Francisco de la Cruz 0-0: Swinging Strike
0-1: Foul Ball, location: 2F
0-2: Strikes out swinging
Batting: SHB Hank Arias 0-0: Foul Ball, location: 2F
0-1: Ball
1-1: Foul Ball, location: 2F
1-2: DOUBLE (Flyball, 78XD, EV 102.5 MPH)
Immel Kamuzu scores
John Gibbs to third
Runner from 3rd tries for Home, SAFE, throw by LF to home
Batting: RHB Ray Souza 0-0: Ball
1-0: Ball
2-0: Ball
3-0: Called Strike
3-1: SINGLE (Flyball, 78S, EV 94.4 MPH)
Hank Arias to third
Batting: RHB Fekadu Alhaadi 0-0: Ball
1-0: Fly out, F8 (Line Drive, 8RM, EV 96.2 MPH)
Batting: LHB Robert Rauda 0-0: Called Strike
0-1: Called Strike
0-2: Ball
1-2: Strikes out swinging
Top of the 9th over - 2 runs, 4 hits, 0 errors, 2 left on base; State College 9 - Rome 6
BOTTOM OF THE 9TH
Rome Braves batting - Pitching for State College Spikes : RHP Nick Durham
Pitching: RHP Pabiyan Vetlitsky
Batting: RHB Ike Trout 0-0: Ball
1-0: Ball
2-0: Ball
3-0: Base on Balls
Batting: RHB Jose Ramos 0-0: Called Strike
0-1: Called Strike
0-2: Fly out, F3 (Popup, 3F, EV 65.0 MPH)
Batting: RHB Brandon Burrell 0-0: Swinging Strike
0-1: Ball
1-1: Foul Ball, location: 2F
1-2: Ball
2-2: Ball
3-2: Base on Balls
Ike Trout to second
Batting: RHB Tim Molchan 0-0: Foul Ball, location: 2F
0-1: Foul Ball, location: 2F
0-2: Foul Ball, location: 2F
0-2: Ball
1-2: Strikes out swinging
Batting: LHB Javier Rubio 0-0: Foul Ball, location: 2F
0-1: Foul Ball, location: 2F
0-2: Ball
1-2: Ground out U3 (Groundball, 3, EV 86.9 MPH)
Bottom of the 9th over - 0 runs, 0 hits, 0 errors, 2 left on base; State College 9 - Rome 6
Thursday, March 31st , 2022 - OOTP Baseball 22.12 Build 89